cohdb
Replays
Latest Replays
All Replays
Popular Replays
Top Player Replays
Match Explorer
How It Works
Community
CoH3 Stats
Reddit
Sign in to upload your games and track your stats! →
Sign in with Steam
Match 42531138
Unlisted
Match 42531138
Overview
Messages
Build Orders
End
Construct Weapon Support Center
M1919 Machine Gun Team
M1919 Machine Gun Team
Engineer Squad
M1919 Machine Gun Team
Selects Heavy Weapons
Sniper
Selects Assault Carriers
Selects M2HB .50cal Heavy Machine Gun
Mechanized Support Center
M3 Armored Personnel Carrier
Bazooka Squad
Construct Tank Depot
Mortar Pit
Selects Rapid Reposition
Selects Assault Carriers
Selects Exchangeable Parts
M4A1 Sherman Medium Tank
M4A1 Sherman Medium Tank
Engineer Squad
M4A1 Sherman Medium Tank
M4A1 76mm Conversion
Designate Forward Repair Station
Selects Black Dragon Artillery Barrage
Selects M26 Pershing Heavy Tank
M26 Pershing Heavy Tank
Black Dragon Artillery Barrage
Salvage Crew
Improvised Armor
Construct Medical Station
Rapid Repairs
Black Dragon Artillery Barrage
Ulysses
Thyxel
matrix4x4
❖Yae Sakura❖
HoratioHufnagel
Social Insurrection
Jd577
HHHCARL92
0
0
Comments
sign in to comment!
No comments posted yet!